Map: Séquenceur EC

Players

zidar - Winner!

  • Race: Zerg Zerg
  • League: Gold
  • Spawn Location: 7:00

MadFace

  • Race: Zerg Zerg
  • Spawn Location: 1:00

VOD

Have the link to the VOD?

Description

Time

  • Played on: June 24, 2017, 3:33 p.m.
  • Length: 3:50
Show
View Real Time Build Order
Export as new Build Order

zidar Zerg - Winner!

Build Orders: Pool Only 

Get SALT Encoding   

  12  0:01  Drone  
  13  0:08  Drone  
  13  0:12  Extractor  
  13  0:16  Drone  
  14  0:36  Spawning Pool  
  14  0:38  Drone  
  14  0:48  Overlord  
  14  1:09  Overlord  
  14  1:22  Metabolic Boost  
  14  1:24  Queen  
  16  1:27  Zergling x2  
  17  1:36  Zergling x2  
  17  1:37  Zergling x2  
  19  1:47  Zergling x2  
  19  1:53  Zergling x2  
  21  2:03  Zergling x2  
  22  2:13  Zergling x2  
  23  2:28  Zergling x2  
  24  2:33  Zergling x6  
  27  2:45  Zergling x2  
  28  3:11  Zergling x4  
Show
View Real Time Build Order
Export as new Build Order

MadFace Zerg 

Build Orders: Hatch First 

Get SALT Encoding   

  12  0:02  Drone  
  13  0:13  Overlord  
  13  0:19  Drone  
  14  0:32  Drone x2  
  14  0:35  Drone  
  17  0:54  Hatchery  
  16  0:58  Drone  
  16  1:03  Extractor  
  16  1:04  Drone  
  17  1:19  Spawning Pool  
  17  1:21  Drone  
  17  1:27  Drone  
  17  1:30  Drone  
  19  1:40  Drone  
  21  2:01  Overlord  
  20  2:06  Queen  
  22  2:09  Queen  
  22  2:10  Zergling x2  
  22  2:14  Drone  
  26  2:17  Metabolic Boost  
  26  2:22  Drone x2  
  28  2:28  Overlord  
  28  2:38  Drone  
  29  2:44  Drone x2  
  29  2:45  Queen  
  33  2:53  Queen  
  34  3:11  Extractor  
  33  3:13  Zergling x10  
  33  3:19  Baneling Nest  
Tags
 
League
Gold
Matchup
ZvZ
Race
Zerg
Spawn Locations
Cross Positions
Add a new tag
Caveats
  • Supply blocks, unpowered buildings, or Contaminate may cause inaccurate times.
  • Supply counts are checked every 10 seconds.